 Dungeon Crawl Stone Soup version 0.30-a0-469-g84de5afbc5 (webtiles) character file.

Game seed: 16367468583928251789

2278 zishaf the Trooper (level 9, -1/70 HPs)
             Began as a Djinni Venom Mage on Dec 19, 2022.
             Was a Believer of Makhleb.
             Slain by a kobold brigand
             ... wielding a +2 short sword of chaos
              (3 damage)
             ... on level 6 of the Dungeon.
             The game lasted 00:11:31 (6563 turns).

zishaf the Trooper (Djinni Venom Mage)              Turns: 6563, Time: 00:11:32

Health: -1/70      AC:  7    Str:  7    XL:     9   Next: 66%
Gold:   242        EV: 12    Int: 20    God:    Makhleb [**....] SH:  0 Dex: 15

rFire   + + .      SeeInvis .    u - +4 long sword "Ziuxejolav" {vorpal, rPois}
rCold   x . .      Faith    .    (no shield)
rNeg    . . .      Spirit   .    a - +0 robe
rPois   ∞          Reflect  .    e - +0 helmet
rElec   .          Harm     .    h - +0 cloak
rCorr   +          Rampage  .    k - +2 pair of gloves
Will    .....                    (boots unavailable)
Stlth   ++........               (no amulet)
HPRegen 0.31/turn                b - ring of resist corrosion
MPRegen 0.00/turn                (no ring)

@: flying
A: sickness immunity, fire resistance 2, cold vulnerability 1, float, innate
caster, HP casting, extra vitality 1
a: Renounce Religion, Minor Destruction


You were on level 6 of the Dungeon.
You worshipped Makhleb.
Makhleb was pleased with you.
You visited 2 branches of the dungeon, and saw 7 of its levels.
You also visited: Sewer.

You collected 242 gold pieces.

Inventory:

Hand Weapons
 m - a +2 dagger of protection
 u - the +4 long sword "Ziuxejolav" (weapon) {vorpal, rPois}
   (You found it on level 6 of the Dungeon)

   It inflicts extra damage upon your enemies.
   rPois:     It protects you from poison.
Missiles
 s - a throwing net
Armour
 a - a +0 robe (worn)
 e - a +0 helmet (worn)
 h - a +0 cloak (worn)
 k - a +2 pair of gloves (worn)
Jewellery
 b - a ring of resist corrosion (left hand)
Wands
 n - a wand of flame (21)
 t - a wand of acid (8)
Scrolls
 d - 2 scrolls of teleportation
 j - a scroll of brand weapon
 p - a scroll of enchant weapon
 r - a scroll of magic mapping {unknown}
Potions
 c - a potion of degeneration {unknown}
 f - a potion of ambrosia
 g - 5 potions of heal wounds
 i - 3 potions of attraction
 l - 3 potions of flight
 o - a potion of haste {unknown}
 q - a potion of resistance {unknown}


   Skills:
 + Level 7.9 Fighting
 - Level 2.1 Dodging
 - Level 1.5 Stealth
 + Level 6.6 Spellcasting
 + Level 4.4 Invocations


You had 2 spell levels left.
You knew the following spells:

 Your Spells              Type           Power      Damage    Failure   Level
a - Sting                 Tmut/Pois      100%       1d8       1%          1
b - Poisonous Vapours     Pois/Air       66%        N/A       1%          2
c - Hailstorm             Conj/Ice       33%        3d8       1%          3
d - Tukima's Dance        Hex            33%        N/A       1%          3
e - Magic Dart            Conj           100%       1d8       1%          1
z - Mephitic Cloud        Conj/Pois/Air  33%        N/A       1%          3
A - Olgreb's Toxic Radia  Pois           33%        N/A       6%          4
B - Static Discharge      Conj/Air       66%        2-5/arc   1%          2
Your spell library was empty.

Dungeon Overview and Level Annotations

Branches:
Dungeon (6/15)             Temple (1/1) D:4           Sewer (visited)

Altars:
Cheibriados
Dithmenos
Elyvilon
Fedhas
Gozag
Makhleb
Nemelex Xobeh
Okawaru
Qazlal
Ru
Trog
Uskayaw
Xom
Yredelemnul
Zin
The Shining One


Innate Abilities, Weirdness & Mutations

You are immune to sickness and miasma.
You are immune to poison.
Your flesh is very heat resistant. (rF++)
You are vulnerable to cold. (rC-)
You float through the air rather than walking.
You learn spells naturally, not from books.
Your magical power is your life essence.
You have superior vitality. (+4 MHP)


Message History

You kill the iguana!
Makhleb accepts your kill.
You feel better.
No target in view!
No target in view!
You see here an iguana corpse.
You see here a +0 ring mail.
Things that are here:
a +0 short sword; a +0 leather armour You see here a +0 spear.
Things that are here:
a +0 short sword; a +0 leather armour
Things that are here:
a +0 whip; a +0 whip The kobold brigand shouts!
The kobold brigand shouts!
The kobold shouts!
You reach down and open the large door.
The kobold brigand attacks as you move away!
The kobold brigand hits you with a +2 short sword of chaos.
Casting: Poisonous Vapours (safe; 1% risk of failure)
Confirm with . or Enter, or press ? or * to list all spells.
You begin to radiate toxic energy.
The kobold brigand is poisoned.
The kobold brigand looks even sicker.
The kobold brigand hits you with a +2 short sword of chaos!
You barely miss the kobold brigand.
The kobold brigand is moderately wounded.
The kobold brigand looks even sicker.
Your toxic aura wanes.
The kobold brigand hits you with a +2 short sword of chaos.
You are electrocuted!!
You slash the kobold brigand!
The kobold brigand is severely wounded.
The kobold brigand hits you with a +2 short sword of chaos!
You are electrocuted!!
* * * LOW HITPOINT WARNING * * *
The kobold brigand hits you with a +2 short sword of chaos.
* * * LOW HITPOINT WARNING * * *
The kobold brigand freezes you.
You die...

##..## #..........##
##..## ###.########..###
##..## #...# ###....
##..### ##.### .##.#####
##...### #..# §K§#§.[#...
##....###.####.§§§K...#..#
##....##..'..§§§##..K#.##
#....##.K'...§§###.####
#....##@####..[# ##
#....##.# ..# #......## #
#......# #.....## #....##
##...## ##).###
########.)##


You could see a kobold brigand (very poisoned) and a kobold (wandering).

Vanquished Creatures
  Prince Ribbit (D:5)
  Eustachio (D:5)
  A water moccasin (D:6)
  Duvessa (D:5)
  An orc warrior (D:6)
  2 ice beasts
  A phantom (D:6)
  A kobold brigand (Sewer)
  5 scorpions
  Dowan (D:5)
  2 howler monkeys (D:6)
  2 hounds (D:5)
  A jelly (D:6)
  An orc priest (D:6)
  Crazy Yiuf (D:3)
  A gnoll bouda (D:6)
  4 iguanas
  Jessica (D:3)
  2 orc wizards (D:5)
  Robin (D:4)
  6 adders
  7 gnolls (D:6)
  2 river rats (Sewer)
  2 shadow imps
  3 white imps
  6 ufetubi (D:5)
  A worm (D:2)
  3 dart slugs
  14 orcs
  A bat (D:1)
  7 endoplasms
  5 giant cockroaches
  14 goblins
  6 hobgoblins
  6 jackals
  12 kobolds
  6 quokkas
  6 ball pythons
  2 frilled lizards
  5 rats
145 creatures vanquished.

Vanquished Creatures (collateral kills)
  Edmund (D:5)
  An ogre (D:4)
  A white imp (D:5)
3 creatures vanquished.

Vanquished Creatures (others)
  A dancing weapon (D:5)
  11 demonic plants (D:5)
12 creatures vanquished.

Grand Total: 160 creatures vanquished

Notes
Turn   | Place    | Note
-------+----------+-------------------------------------------
     0 | D:1      | zishaf the Djinni Venom Mage began the quest for the Orb.
     0 | D:1      | zishaf set off with the following spells memorised: Sting,
                  | Poisonous Vapours, Mephitic Cloud, Olgreb's Toxic Radiance.
     0 | D:1      | Reached XP level 1. HP: 15/15 MP: 0/0
   225 | D:1      | Reached XP level 2. HP: 13/22 MP: 0/0
   227 | D:1      | Reached skill level 1 in Fighting
   522 | D:1      | Reached XP level 3. HP: 23/27 MP: 0/0
   522 | D:1      | Learned a level 1 spell: Magic Dart
  1092 | D:2      | Reached skill level 2 in Fighting
  1313 | D:2      | Reached XP level 4. HP: 26/33 MP: 0/0
  1746 | D:3      | Found a runed translucent door.
  1747 | D:3      | Noticed Crazy Yiuf
  2134 | D:3      | Noticed Jessica
  2145 | D:3      | Killed Jessica
  2146 | D:3      | Reached XP level 5. HP: 16/40 MP: 0/0
  2146 | D:3      | Learned a level 2 spell: Static Discharge
  2426 | D:3      | Killed Crazy Yiuf
  2427 | D:3      | Reached skill level 3 in Fighting
  2611 | D:4      | Found a stormy altar of Qazlal.
  2626 | D:4      | Found a staircase to the Ecumenical Temple.
  2637 | Temple   | Entered the Ecumenical Temple
  2659 | Temple   | Became a worshipper of Makhleb the Destroyer
  2706 | D:4      | Found a glowing drain.
  2805 | Sewer    | Entered a sewer
  2899 | Sewer    | Noticed a kobold brigand
  2914 | Sewer    | Reached XP level 6. HP: 39/46 MP: 0/0
  2938 | Sewer    | Reached skill level 4 in Fighting
  3018 | Sewer    | Found a white marble altar of Elyvilon.
  3114 | D:4      | Noticed an ice beast
  3121 | D:4      | Killed an ice beast
  3338 | D:4      | Noticed an ogre
  3344 | D:4      | Reached XP level 7. HP: 45/53 MP: 0/0
  3344 | D:4      | Learned a level 3 spell: Tukima's Dance
  3356 | D:4      | Noticed Robin
  3381 | D:4      | Killed Robin
  3382 | D:4      | Reached skill level 5 in Fighting
  3695 | D:5      | Entered Level 5 of the Dungeon
  3740 | D:5      | Found a bloodstained altar of Trog.
  3786 | D:5      | Reached * piety under Makhleb
  3827 | D:5      | Noticed Prince Ribbit
  3841 | D:5      | Killed Prince Ribbit
  3842 | D:5      | Reached skill level 6 in Fighting
  3842 | D:5      | Reached skill level 5 in Spellcasting
  3842 | D:5      | Reached XP level 8. HP: 19/61 MP: 0/0
  4496 | D:5      | Reached skill level 1 in Invocations
  4762 | D:5      | Noticed Edmund
  4776 | D:5      | Killed Edmund
  4978 | D:5      | Noticed Eustachio
  4980 | D:5      | Noticed Dowan
  4995 | D:5      | Noticed Duvessa
  5011 | D:5      | Killed Eustachio
  5012 | D:5      | Reached skill level 7 in Fighting
  5012 | D:5      | Reached XP level 9. HP: 40/68 MP: 0/0
  5012 | D:5      | Learned a level 3 spell: Hailstorm
  5013 | D:5      | Killed Dowan
  5023 | D:5      | Killed Duvessa
  5373 | D:6      | Reached ** piety under Makhleb
  6091 | D:6      | Identified the +4 long sword "Ziuxejolav" {vorpal, rPois}
  6147 | D:6      | Found a large runed translucent door.
  6154 | D:6      | Found a large runed translucent door.
  6154 | D:6      | Found a shimmering altar of Xom.
  6563 | D:6      | HP: 2/70 [kobold brigand/+2 short sword of chaos (6)]
  6563 | D:6      | Slain by a kobold brigand

Illustrated notes

Levels and vault maps discovered:
D:1:      erik_arrival_triangle_small, layout_basic, st_stairs_8
D:2:      layout_basic
D:3:      layout_rooms, uniq_jessica, uniq_crazy_yiuf_cottage
D:4:      layout_rooms, nicolae_qazlal_eye_of_the_storm,
          minmay_temple_entry_mini_moons, portal_sewer_entry_d, uniq_robin
D:5:      layout_loops_cross, lemuel_doored_altar, serial_demonic,
          serial_demonic_b, serial_demonic_e, serial_demonic_a,
          serial_demonic_g, uniq_prince_ribbit1, uniq_eustachio, uniq_duvessa,
          uniq_edmund
D:6:      due_chaos_kobolds, layout_layer_cave
Temple:   minmay_temple_bridge_d

Skill      XL: |  1  2  3  4  5  6  7  8  9 |
---------------+----------------------------+-----
Fighting       | 1 2 3 4 6 7 |  7.9
Spellcasting   | 3 4 5 6 |  6.6
Invocations    | 2 4 |  4.4
Dodging        | |  2.1
Stealth        | |  1.5

Action                   |  1- 3 |  4- 6 |  7- 9 || total
-------------------------+-------+-------+-------++-------
Melee: Dagger            |       |    11 |    82 ||    93
       Punch             |       |       |     2 ||     2
       Long sword        |       |       |    21 ||    21
 Cast: Sting             |    94 |    86 |   111 ||   291
       Poisonous Vapours |       |    11 |    45 ||    56
       Mephitic Cloud    |       |     2 |     8 ||    10
       Static Discharge  |       |     4 |       ||     4
       Tukima's Dance    |       |       |     4 ||     4
       Olgreb's Toxic Ra |       |       |     6 ||     6
       Magic Dart        |       |       |     7 ||     7
       Hailstorm         |       |       |     4 ||     4
  Use: Scroll            |       |     9 |     2 ||    11
Armor: Robe              |     5 |    18 |    77 ||   100
Dodge: Dodged            |    24 |    37 |   123 ||   184

Table legend: (Time is in decaauts)
 A = Elapsed time spent in this place.
 B = Non-inter-level travel time spent in this place.
 C = Inter-level travel time spent in this place.
 D = Time resting spent in this place.
 E = Time spent auto-exploring this place.
 F = Levels seen in this place.
 G = Mean time per level.
                   A        B        C        D        E       F      G
               +--------+--------+--------+--------+--------+-----+--------+
         Total |   6553 |   6387 |    166 |     87 |   5047 |   8 |  819.1 |
       Dungeon |   6262 |   6096 |    166 |     87 |   4877 |   6 | 1043.7 |
        Temple |     41 |     41 |      0 |      0 |      0 |   1 |   41.0 |
         Sewer |    248 |    248 |      0 |      0 |    170 |   1 |  248.0 |
               +--------+--------+--------+--------+--------+-----+--------+

Top non-repeatable levels by time:
     D:5: 1598 daAuts
     D:6: 1275 daAuts
     D:1: 864 daAuts
     D:2: 848 daAuts
     D:4: 846 daAuts
     D:3: 829 daAuts
   Sewer: 248 daAuts
  Temple: 41 daAuts
